 Dungeon Crawl Stone Soup version 0.25.0-9-g26727b657a (webtiles) character file.

Game seed: 5530019687607880639

(classic levelgen) 1573044 EnegeticOcto the Slayer (level 27, 189/190 HPs)
             Began as a Kobold Transmuter on June 17, 2020.
             Was a High Priest of Okawaru.
             Escaped with the Orb
             ... and 3 runes on June 18, 2020!
             The game lasted 04:21:52 (85376 turns).

EnegeticOcto the Slayer (Kobold Transmuter)        Turns: 85376, Time: 04:21:53

Health: 189/190    AC: 12    Str: 11    XL:     27
Magic:  37/37      EV: 31    Int: 22    God:    Okawaru [*****.]
Gold:   4838       SH: 14    Dex: 15    Spells: 1/46 levels left

rFire    + + +     SeeInvis +     - Unarmed
rCold    + . .     Gourm    .   b - +3 warlock's mirror {reflect}
rNeg     + . .     Faith    .   M - +2 troll leather armour
rPois    .         Spirit   .   H - +2 helmet {SInv}
rElec    .         Reflect  +   y - scarf {rC+ rF+}
rCorr    .         Harm     .   (no gloves)
MR       +++..                  f - +2 pair of boots {Fly}
Stlth    +.........             S - amulet of reflection
HPRegen  0.81/turn              G - ring of Kitacik {+Fly rF++ rN+ Str+3 Dex-5}
MPRegen  0.25/turn              z - ring of protection from magic

@: finesse, flying
A: small, carnivore
0: Orb of Zot
}: 3/15 runes: decaying, silver, gossamer
a: Heroism, Finesse, Renounce Religion, Stop Flying


You escaped.
You worshipped Okawaru.
Okawaru was extremely pleased with you.
You were full.

You visited 10 branches of the dungeon, and saw 50 of its levels.
You visited the Abyss 1 time.
You also visited: Bailey and Gauntlet.

You collected 11177 gold pieces.
You spent 6339 gold pieces at shops.

Inventory:

Hand Weapons
 a - the +0 quick blade of Gravity {flame, MR++ Dex+2}
   (Okawaru gifted it to you on level 6 of the Lair of Beasts)

   It has been specially enchanted to burn those struck by it, causing extra
   injury to most foes and up to half again as much damage against particularly
   susceptible opponents.
   It affects your dexterity (+2).
   It affects your resistance to hostile enchantments.
 l - a +1 scimitar of distortion
Missiles
 g - 1309 arrows
 K - 12 curare-tipped darts
 U - 7 throwing nets (quivered) {!f}
Armour
 b - the +3 warlock's mirror (worn) {reflect}
   (Okawaru gifted it to you on level 3 of the Vaults)
 f - a +2 pair of boots of flying (worn)
 y - a scarf of resistance (worn)
 H - a +2 helmet of see invisible (worn)
 M - a +2 troll leather armour (worn)
Jewellery
 z - a ring of protection from magic (right hand)
 G - the ring of Kitacik (left hand) {+Fly rF++ rN+ Str+3 Dex-5}
   (You found it on level 5 of the Vaults)

   [ring of flight]

   It affects your strength (+3).
   It affects your dexterity (-5).
   It greatly protects you from fire.
   It protects you from negative energy.
   It lets you fly.
 N - the ring "Zast" {EV+4 Str+3 Int+3}
   (You took it off a deep elf annihilator on level 3 of the Elven Halls)

   [ring of evasion]

   It affects your evasion (+4).
   It affects your strength (+3).
   It affects your intelligence (+3).
 S - an amulet of reflection (around neck)
Wands
 q - a wand of polymorph (13)
 r - a wand of digging (11) {@v3}
 w - a wand of paralysis (21)
 x - a wand of disintegration (23)
 D - a wand of enslavement (12)
 I - a wand of flame (101) {@v4}
 P - a wand of iceblast (23) {@v2}
 Y - a wand of acid (12) {@v1}
 Z - a wand of clouds (7)
Scrolls
 c - a scroll of fear {!r}
 i - a scroll of magic mapping {@r5 !r}
 m - 25 scrolls of identify {@r1}
 n - 11 scrolls of teleportation {@r3 !r}
 A - 3 scrolls of fog {!r}
 B - 4 scrolls of vulnerability
 O - 3 scrolls of summoning
 R - 2 scrolls of immolation
 X - 2 scrolls of silence
Potions
 d - 12 potions of stabbing {@q5 !q}
 h - 18 potions of curing {@q1 !q}
 j - 3 potions of resistance
 k - 6 potions of brilliance
 p - 12 potions of mutation
 s - 4 potions of magic
 t - 7 potions of heal wounds {@q2 !q}
 u - 7 potions of ambrosia
 v - 2 potions of might {@q3 !q}
 C - 6 potions of lignification {@q6}
 E - 4 potions of invisibility
 J - 5 potions of berserk rage
 L - 4 potions of cancellation
 Q - 4 potions of haste {@q4 !q}
Miscellaneous
 o - 5 phantom mirrors
 F - a tin of tremorstones (3/3)
 T - 3 boxes of beasts
 V - a lightning rod (4/4)
 W - a phial of floods
Comestibles
 e - 66 rations


   Skills:
 - Level 24.0 Fighting
 - Level 22.0 Dodging
 - Level 5.0 Stealth
 - Level 5.6 Shields
 - Level 22.0 Unarmed Combat
 - Level 10.0 Spellcasting
 + Level 20.6 Necromancy
 - Level 3.0 Translocations
 - Level 12.0 Transmutations
   Level 6.0 Ice Magic
 - Level 16.0 Earth Magic
   Level 5.0 Poison Magic
 - Level 10.0 Invocations
 - Level 14.0 Evocations


You had one spell level left.
You knew the following spells:

 Your Spells              Type           Power        Failure   Level  Hunger
a - Apportation           Tloc           ###...       2%          1    None
b - Statue Form           Tmut/Erth      ######...    3%          6    ######.
c - Borgnjor's Vile Clut  Necr/Erth      #######...   1%          5    ####...
d - Lee's Rapid Deconstr  Erth           ######....   1%          5    ####...
e - Yara's Violent Unrav  Hex/Tmut       #####.....   19%         5    ####...
f - Sublimation of Blood  Necr           #######...   0%          2    None
g - Death Channel         Necr           #######...   1%          6    ######.
h - Borgnjor's Revivific  Necr           #######...   11%         8    #######
j - Sticks to Snakes      Tmut           ######..     1%          2    None
p - Passwall              Tmut/Erth      ######..     1%          2    None
O - Summon Butterflies    Summ           ##......     8%          1    None
Y - Blink                 Tloc           N/A          3%          2    None

Your spell library contained the following spells:

 Spells                   Type           Power        Failure   Level  Hunger
 Animate Skeleton         Necr           N/A          0%          1    None
 Pain                     Necr           ####         0%          1    None
 Sandblast                Erth           ######       0%          1    None
 Beastly Appendage        Tmut           ######       1%          1    None
 Freeze                   Ice            ####         1%          1    None
 Sting                    Tmut/Pois      ####         1%          1    None
 Corona                   Hex            ##.....      8%          1    None
 Foxfire                  Conj/Fire      ##..         8%          1    None
 Magic Dart               Conj           ##..         8%          1    None
 Summon Small Mammal      Summ           ##..         8%          1    None
 Vampiric Draining        Necr           #######...   0%          3    None
 Animate Dead             Necr           N/A          0%          4    ##.....
 Frozen Ramparts          Ice            #####.       1%          3    None
 Spider Form              Tmut/Pois      #####.....   1%          3    None
 Stone Arrow              Conj/Erth      #####.       1%          3    None
 Ice Form                 Ice/Tmut       ######..     1%          4    ##.....
 Petrify                  Tmut/Erth      ######..     1%          4    ##.....
 Agony                    Necr           #######.     1%          5    ####...
 Blade Hands              Tmut           ######....   1%          5    ####...
 Ignite Poison            Fire/Tmut/Pois #####...     2%          3    None
 Ensorcelled Hibernation  Hex/Ice        ###...       3%          2    None
 Leda's Liquefaction      Hex/Erth       #####.....   3%          4    ##.....
 Excruciating Wounds      Chrm/Necr      ######....   3%          5    ####...
 Poisonous Vapours        Pois/Air       ###...       4%          2    None
 Simulacrum               Ice/Necr       ######....   5%          6    ######.
 Ozocubu's Armour         Chrm/Ice       ###.....     7%          3    None
 Olgreb's Toxic Radiance  Pois           ####....     10%         4    ##.....
 Infestation              Necr           #######...   11%         8    #######
 Call Imp                 Summ           ##......     12%         2    None
 Searing Ray              Conj           ##....       12%         2    None
 Slow                     Hex            ##......     12%         2    None
 Mephitic Cloud           Conj/Pois/Air  ###.....     12%         3    None
 Recall                   Summ/Tloc      N/A          13%         3    None
 Hailstorm                Conj/Ice       ###.....     22%         4    ##.....
 Summon Ice Beast         Ice/Summ       ###.....     22%         4    ##.....
 Call Canine Familiar     Summ           ##......     24%         3    None
 Confusing Touch          Hex            ##......     24%         3    None
 Conjure Flame            Conj/Fire      ##......     24%         3    None
 Dazzling Flash           Conj/Hex       ##....       24%         3    None
 Summon Guardian Golem    Hex/Summ       ##......     24%         3    None
 Tukima's Dance           Hex            ##......     24%         3    None
 Bolt of Magma            Conj/Fire/Erth ####......   26%         5    ####...
 Eringya's Noxious Bog    Tmut/Pois      #####.....   36%         6    ######.
 Iskenderun's Mystic Bla  Conj/Tloc      ###.....     38%         4    ##.....
 Iron Shot                Conj/Erth      #####.....   41%         6    ######.
 Metabolic Englaciation   Hex/Ice        ###.......   54%         5    ####...
 Necromutation            Tmut/Necr      ######....   54%         8    #######
 Cause Fear               Hex            ##........   61%         4    ##.....
 Fulminant Prism          Conj/Hex       ##........   61%         4    ##.....
 Summon Lightning Spire   Summ/Air       ##......     61%         4    ##.....
 Haunt                    Necr/Summ      ######....   69%         7    #######
 Ozocubu's Refrigeration  Ice            #####.....   71%         6    ######.
 Fireball                 Conj/Fire      ##........   91%         5    ####...
 Iskenderun's Battlesphe  Conj/Chrm      ##......     91%         5    ####...
 Silence                  Hex/Air        ##........   91%         5    ####...
 Summon Mana Viper        Hex/Summ       ##......     91%         5    ####...
 Freezing Cloud           Conj/Ice/Air   ###.......   99%         6    ######.
 Conjure Ball Lightning   Conj/Air       ##........   100%        6    ######.
 Darkness                 Hex            ##........   100%        6    ######.
 Shadow Creatures         Summ           N/A          100%        6    ######.
 Starburst                Conj/Fire      ##........   100%        6    ######.
 Malign Gateway           Summ/Tloc      ###.......   100%        7    #######
 Monstrous Menagerie      Summ           ##........   100%        7    #######
 Orb of Destruction       Conj           ##........   100%        7    #######
 Ring of Flames           Chrm/Fire      ##........   100%        7    #######
 Spellforged Servitor     Conj/Summ      ##........   100%        7    #######
 Summon Greater Demon     Summ           ##........   100%        7    #######
 Summon Hydra             Summ           ##........   100%        7    #######
 Death's Door             Chrm/Necr      ######....   100%        8    #######
 Discord                  Hex            ##........   100%        8    #######
 Ignition                 Fire           ##........   100%        8    #######
 Summon Horrible Things   Summ           ##........   100%        8    #######
 Shatter                  Erth           ######....   100%        9    #######
 Tornado                  Air            ##........   100%        9    #######


Dungeon Overview and Level Annotations

Branches:
Dungeon (15/15)            Temple (1/1) D:6            Lair (6/6) D:10
  Swamp (4/4) Lair:4       Spider (4/4) Lair:4        Slime (0/5) Lair:5
    Orc (2/2) D:12            Elf (3/3) Orc:2        Vaults (5/5) D:13
  Crypt (0/3) Vaults:2     Depths (5/5) D:15            Zot (5/5) Depths:5
 Bailey (visited)         Gauntlet (visited)

Altars:
Ashenzari
Cheibriados
Dithmenos
Elyvilon
Fedhas
Gozag
Hepliaklqana
Kikubaaqudgha
Makhleb
Nemelex Xobeh
Okawaru
Qazlal
Ru
Sif Muna
Trog
Uskayaw
Vehumet
Wu Jian
Xom
Yredelemnul
Zin
The Shining One
Beogh
Jiyva

Shops:
D:7 *   D:10 ?   D:11 !   Orc:1 *   Orc:2 =[:}   Elf:2 :[   Elf:3 *
Vaults:2 (   Vaults:3 (   Depths:3 =}=?

Portals:
Hell: Depths:1 Depths:2 Depths:3 Depths:4 Depths:5
Abyss: Depths:3 Depths:4
Pandemonium: Depths:2 Depths:3
Ziggurat: Depths:2

Annotations:
Lair:2 2 transporters
Lair:4 exclusion: 2 oklob plants
Lair:5 Rupert
Elf:2 3 runed translucent doors
Elf:3 Roxanne
Zot:3 exclusion: door


Innate Abilities, Weirdness & Mutations

You are small and have problems with some larger weapons.
You are carnivorous and can eat meat at any time.


Message History

You see here a short sword.
There is a stone staircase leading up here.
You fly upwards.
There is a stone staircase leading down here.
(D) Dungeon (T) Temple (L) Lair (S) Swamp (N) Spider Nest (M) Slime Pits (O) Orcish Mines (E) Elven Halls (V) Vaults (C) Crypt (U) Depths (H) Hell (Z) Zot
Where to? (Enter - D:1 @ (x,y), ? - help)
A neqoxec comes into view.
Evoke which item? (* to show all) (? for menu, Esc to quit)
Aiming: Paralyse
Press: ? - help, Shift-Dir - straight line, f - neqoxec
Aim: a neqoxec (chance to defeat MR: 62%)
The neqoxec resists with significant effort.
Evoke which item? (* to show all) (? for menu, Esc to quit)
Aiming: Paralyse
Press: ? - help, Shift-Dir - straight line, f/p - neqoxec
Aim: a neqoxec (chance to defeat MR: 62%)
The neqoxec resists with significant effort.
Evoke which item? (* to show all) (? for menu, Esc to quit)
Aiming: Paralyse
Press: ? - help, Shift-Dir - straight line, f/p - neqoxec
Aim: a neqoxec (chance to defeat MR: 62%)
The neqoxec suddenly stops moving!
There is a stone staircase leading up here.
You fly upwards.
There is a stone staircase leading down here.
(D) Dungeon (T) Temple (L) Lair (S) Swamp (N) Spider Nest (M) Slime Pits (O) Orcish Mines (E) Elven Halls (V) Vaults (C) Crypt (U) Depths (H) Hell (Z) Zot
Where to? (Enter - D:1 @ (x,y), ? - help)
There is a stone staircase leading up here.
You fly upwards.
There is a stone staircase leading down here.
There is a stone staircase leading up here.
You fly upwards.
There is a stone staircase leading down here.
You see here a +0 dagger.
There is an escape hatch in the ceiling here.
Really go through this one-way escape hatch?
A mysterious force pulls you upwards. The hatch slams shut behind you.
(D) Dungeon (T) Temple (L) Lair (S) Swamp (N) Spider Nest (M) Slime Pits (O) Orcish Mines (E) Elven Halls (V) Vaults (C) Crypt (U) Depths (H) Hell (Z) Zot
Where to? (Enter - D:1 @ (x,y), ? - help)
A Hell Sentinel comes into view.
Throwing (i - inventory. (/) - cycle)
U - 8 throwing nets (quivered)
{!f}
Press: ? - help, Shift-Dir - straight line, f - Hell Sentinel
Aim: a Hell Sentinel Really fire
U - 8 throwing nets {!f}?
You throw a throwing net {!f}.
The throwing net {!f} hits the Hell Sentinel.
The Hell Sentinel is caught in the net!
Casting: Passwall (safe; 1% risk of failure)
Confirm with . or Enter, or press ? or * to list all spells.
You turn into a living statue of rough stone.
Your +2 pair of boots of flying melds into your body.
Your +2 troll leather armour melds into your body.
The Hell Sentinel gestures at you.
The sphere of damnation explodes!
The damnation engulfs you!!
The Hell Sentinel struggles against the net.
You gain the combat prowess of a mighty hero.
The Hell Sentinel gestures at you.
The sphere of damnation explodes!
The damnation engulfs you!!
The damnation engulfs the Hell Sentinel.
The Hell Sentinel completely resists.
The Hell Sentinel struggles against the net.
You can now deal lightning-fast blows.
The Hell Sentinel struggles against the net.
You pummel the Hell Sentinel like a punching bag!!!
The Hell Sentinel is moderately wounded.
You punch the Hell Sentinel!
The Hell Sentinel is moderately wounded.
The Hell Sentinel struggles against the net.
You pummel the Hell Sentinel!!
The Hell Sentinel is severely wounded.
You hit the Hell Sentinel.
The Hell Sentinel is severely wounded.
The Hell Sentinel struggles against the net.
The net rips apart, and the Hell Sentinel comes free!
You pummel the Hell Sentinel like a punching bag!!!
You kill the Hell Sentinel!
Okawaru accepts your kill.
You revert to your normal fleshy form.
Your +2 pair of boots of flying unmelds from your body.
Your +2 troll leather armour unmelds from your body.
You feel rather light.
(D) Dungeon (T) Temple (L) Lair (S) Swamp (N) Spider Nest (M) Slime Pits (O) Orcish Mines (E) Elven Halls (V) Vaults (C) Crypt (U) Depths (H) Hell (Z) Zot
Where to? (Enter - D:1 @ (x,y), ? - help)
There is an escape hatch in the floor here.
You feel like a meek peon again.
Magic restored.
There is a staircase leading out of the dungeon here.
You have escaped!

#.# #.# #.#
###############.#
#.......).....>.#
#..#..#..#..#...#
#...............#
#...............#
#@............>.#
#...............#
#...............#
#..#..#..#..#..##
#.............>#
################


There were no monsters in sight!

Vanquished Creatures
  3 orbs of fire (Zot:5)
  12 ancient liches
  A juggernaut (Depths:5)
  3 Killer Klowns (Zot:5)
  A curse toe (Zot:4)
  Bai Suzhen (Vaults:2)
  Margery (Vaults:3)
  Saint Roka (Vaults:3)
  Nikola (Swamp:2)
  the Enchantress (Depths:1)
  Jory (Depths:5)
  The ghost of agentgt the Warrior, a veteran KoAK of Lugonu (Vaults:4)
  12 golden dragons
  2 Tzitzimimeh
  A bone dragon (Vaults:2)
  3 liches
  10 tentacled monstrosities
  4 electric golems
  27 Orb Guardians
  A Hell Sentinel (D:1)
  8 quicksilver dragons
  4 titans
  A deep elf master archer (Elf:3)
  The ghost of Kare Xaoge the Bludgeoner, an adept DgTm (Vaults:4)
  Frances (Elf:1)
  9 death cobs
  A thorn hunter (Swamp:2)
  5 sphinxes
  11 draconian monks
  Kirke (Spider:1)
  10 tengu reavers
  12 storm dragons
  12 shadow dragons
  A storm dragon (shapeshifter) (Depths:3)
  19 frost giants
  7 deep elf sorcerers
  8 fire giants
  A balrug (Abyss:3)
  Louise (Spider:4)
  7 emperor scorpions
  4 iron dragons
  19 vault wardens
  7 ghost moths
  2 draconian scorchers (Zot:4)
  3 draconian knights
  A cacodemon (Depths:3)
  A caustic shrike zombie (Depths:2)
  9 deep elf elementalists
  9 spriggan defenders
  4 draconian shifters
  5 draconian annihilators
  3 draconian stormcallers
  33 very ugly things
  13 ironheart preservers
  4 entropy weavers
  22 stone giants
  Nessos (D:14)
  10 green draconians
  2 vampire knights
  4 deep elf demonologists
  Azrael (Elf:1)
  7 black draconians
  12 red draconians
  7 deep elf annihilators
  8 white draconians
  A spark wasp (shapeshifter) (Vaults:5)
  9 yellow draconians
  7 dire elephants
  8 spark wasps
  13 purple draconians
  A merfolk javelineer (Depths:1)
  17 ettins
  2 crystal guardians
  9 deep elf high priests
  3 jiangshi (Depths:1)
  5 great orbs of eyes
  3 deep elf death magi
  15 fire dragons
  15 yaktaur captains
  A naga warrior (Abyss:3)
  7 rakshasas
  The ghost of Suk Xiy the Grappler, a journeyman DrTm of Yredelemnul (Lair:2)
  22 hydras
  15 ogre magi
  A hell beast (Depths:4)
  A caustic shrike simulacrum (Depths:4)
  A monstrous demonspawn (D:15)
  29 vault guards
  2 ghost crabs
  17 ice dragons
  10 spriggan air magi
  An anaconda (Lair:6)
  2 death knights
  8 centaur warriors
  A two-headed ogre (shapeshifter) (Depths:2)
  5 shambling mangroves
  9 alligators
  11 dancing weapons
  10 deep troll shamans
  35 two-headed ogres
  A queen ant (Lair:5)
  21 deep troll earth magi
  6 spriggan berserkers
  7 tengu warriors
  Urug (D:12)
  17 hell knights
  2 vampire magi
  3 orc high priests (Orc:2)
  2 sun demons
  2 soul eaters (Depths:4)
  A thrashing horror (Abyss:3)
  9 deep elf knights
  A sixfirhy (Abyss:3)
  A wretched star (Abyss:3)
  3 spriggan druids
  A spectral catoblepas (Lair:2)
  46 deep trolls
  2 unseen horrors
  3 glowing orange brains
  A death drake (shapeshifter) (Vaults:5)
  3 flayed ghosts
  A sea snake (shapeshifter) (Vaults:4)
  6 iron trolls
  2 shadow wraiths
  10 starcursed masses (Abyss:3)
  19 deep elf archers
  7 wizards
  An obsidian statue (Depths:4)
  13 orc knights
  9 swamp dragons
  5 orb spiders (Spider:4)
  5 harpies
  4 phantasmal warriors
  A spectral hydra (Lair:2)
  15 ironbrand convokers
  A frost giant zombie (Vaults:3)
  12 necromancers
  29 wolf spiders
  A mana viper (shapeshifter) (Vaults:3)
  6 orc sorcerers
  A salamander (D:15)
  38 ugly things
  A sphinx skeleton (Depths:3)
  2 salamanders (shapeshifter) (Depths:4)
  52 deep elf magi
  A manticore (D:11)
  An elf zombie (Depths:3)
  5 cyclopes
  A frost giant skeleton (Vaults:3)
  4 elephants (Lair:6)
  2 fire giant skeletons
  20 moths of wrath
  2 smoke demons (Abyss:3)
  3 torpor snails
  A guardian serpent (Abyss:3)
  18 spiny frogs
  4 black mambas
  2 gargoyles
  16 vault sentinels
  2 kobold demonologists
  A spriggan skeleton (Depths:3)
  A storm dragon simulacrum (Vaults:3)
  2 rime drakes
  4 freezing wraiths
  A naga mage (Abyss:3)
  5 komodo dragons
  A yaktaur (shapeshifter) (Vaults:3)
  An anaconda simulacrum (Abyss:3)
  6 ice devils
  A rime drake (shapeshifter) (Vaults:4)
  An ancient zyme (Abyss:3)
  8 tengu conjurers
  10 demonic crawlers
  A golden dragon simulacrum (Depths:4)
  A queen bee (shapeshifter) (Depths:3)
  A queen bee (Vaults:2)
  A wolf spider simulacrum (Abyss:3)
  65 yaktaurs
  A meliai (shapeshifter) (Vaults:1)
  4 meliai
  4 polar bears
  6 red devils
  A jumping spider (shapeshifter) (Depths:2)
  8 tyrant leeches
  5 trolls
  14 jumping spiders
  32 hornets
  A shadow dragon simulacrum (Depths:2)
  A sphinx simulacrum (Vaults:2)
  A frost giant simulacrum (Depths:3)
  A blink frog (shapeshifter) (Depths:1)
  8 blink frogs
  18 dream sheep
  5 large abominations
  Prince Ribbit (D:8)
  26 slime creatures
  12 bog bodies
  A raiju (shapeshifter) (Depths:5)
  A hippogriff (shapeshifter) (Vaults:5)
  5 hippogriffs
  2 ynoxinuls (Abyss:3)
  69 redbacks
  2 fire giant simulacra
  2 redbacks (shapeshifter)
  A spriggan (shapeshifter) (Vaults:2)
  A yak (shapeshifter) (D:11)
  35 yaks
  2 ettin skeletons (Vaults:1)
  2 wyverns
  5 wraiths
  6 shadows
  A vampire (D:6)
  A hog (shapeshifter) (Vaults:4)
  28 tarantellas
  9 water elementals
  2 fire elementals (Elf:1)
  17 spriggans
  9 humans
  A human simulacrum (Vaults:1)
  2 hungry ghosts
  A chaos spawn (Abyss:3)
  A neqoxec (Abyss:3)
  4 vampire mosquitoes
  An elf skeleton (Depths:4)
  Menkaure (D:7)
  5 small abominations
  13 swamp worms
  A yaktaur simulacrum (Vaults:3)
  2 acid dragons
  4 wargs
  13 soldier ants
  8 water moccasins
  A floating eye (Depths:4)
  4 hell hounds
  6 porcupines
  A spectral torpor snail (Lair:2)
  47 orc warriors
  2 hornet zombies (D:7)
  9 swamp drakes
  4 ice beasts
  9 necrophages
  A black bear (D:4)
  2 phantoms
  28 ogres
  17 boggarts
  12 wolves
  An ettin simulacrum (Vaults:1)
  18 centaurs
  2 human skeletons
  12 crocodiles
  3 big kobolds
  A gnoll sergeant (Orc:2)
  13 bullfrogs
  A wyvern zombie (D:6)
  3 earth elementals
  2 glowing shapeshifter simulacra
  6 scorpions
  A wyvern skeleton (D:6)
  4 killer bees (D:11)
  A dream sheep simulacrum (Lair:2)
  A howler monkey (D:5)
  8 electric eels
  8 crimson imps
  A bullfrog zombie (D:7)
  5 centaur zombies
  4 hounds
  4 jellies
  15 orc wizards
  2 quasits
  5 centaur skeletons
  19 orc priests
  2 bullfrog skeletons
  8 iron imps
  A gnoll shaman (Orc:2)
  4 iguanas
  24 worker ants
  A bullfrog simulacrum (D:13)
  A hound skeleton (D:5)
  2 worker ant zombies
  12 gnolls
  A howler monkey skeleton (D:4)
  13 adders
  4 shadow imps
  2 white imps (Depths:4)
  An ooze (shapeshifter) (Vaults:5)
  An ooze (D:7)
  2 adder zombies
  An adder skeleton (D:7)
  4 worms
  A dart slug (D:3)
  5 leopard geckos
  133 orcs
  8 giant cockroaches
  9 goblins
  3 hobgoblins
  4 jackals (D:7)
  4 quokkas
  4 ball pythons
  3 bats
  5 frilled lizards
  13 kobolds
  A leopard gecko skeleton (D:7)
  A quokka skeleton (D:7)
  12 rats
  2 fungi (Elf:3)
  5 plants (Lair:6)
2249 creatures vanquished.

Vanquished Creatures (collateral kills)
  A golden dragon (Depths:5)
  2 tentacled monstrosities (Vaults:5)
  A thorn hunter (Swamp:4)
  A vault warden (Vaults:5)
  An iron dragon (Vaults:5)
  An emperor scorpion (Spider:2)
  A deep elf sorcerer (Vaults:5)
  2 very ugly things (Vaults:5)
  A deep elf demonologist (Vaults:5)
  A yaktaur captain (Vaults:5)
  A hydra (Swamp:4)
  A shambling mangrove (Swamp:1)
  A dancing weapon (Vaults:5)
  A deep troll (Vaults:5)
  A necromancer (Vaults:5)
  An orc sorcerer (Orc:2)
  An orc knight (Vaults:5)
  A deep elf mage (Orc:2)
  15 orb spiders
  3 wolf spiders
  A komodo dragon (Lair:5)
  2 yaktaurs (Vaults:5)
  8 jumping spiders
  5 hornets
  A bog body (Swamp:2)
  A blink frog (Lair:5)
  A dream sheep (Lair:6)
  2 spriggans
  6 redbacks
  2 tarantellas
  A fire elemental (Elf:1)
  A warg (Vaults:5)
  2 hell hounds
  A scorpion (shapeshifter) (Vaults:5)
  An orc priest (Orc:2)
  3 orc wizards
  Jessica (D:3)
  2 adders (D:3)
  A bat (D:3)
  3 hobgoblins (D:1)
  A rat (D:3)
84 creatures vanquished.

Vanquished Creatures (others)
  A deep elf sorcerer (Elf:3)
  A ghost moth (Spider:4)
  A draconian scorcher (Zot:4)
  An ironheart preserver (Vaults:2)
  A hydra (Swamp:2)
  2 ogre magi
  A vampire mage (Depths:3)
  A deep elf knight (Elf:1)
  A spriggan druid (Swamp:3)
  An orb spider (Spider:4)
  2 yaktaurs
  A demonic crawler (Spider:3)
  A tyrant leech (Swamp:3)
  2 spriggans (Swamp:3)
  4 humans
  An ogre (Depths:1)
  A boggart (Depths:2)
  A centaur (Vaults:1)
  A quasit (Abyss:3)
  An orc wizard (Orc:2)
  2 orcs (Orc:1)
  2 briar patches (Swamp:4)
  2 demonic plants (Gauntlet)
  15 fungi
  11 plants
58 creatures vanquished.

Grand Total: 2391 creatures vanquished

Notes
Turn   | Place    | Note
-------+----------+-------------------------------------------
     0 | D:1      | EnegeticOcto the Kobold Transmuter began the quest for the
                  | Orb.
     0 | D:1      | Reached XP level 1. HP: 12/12 MP: 3/3
   508 | D:1      | Reached skill level 1 in Stealth
   508 | D:1      | Reached XP level 2. HP: 16/16 MP: 3/5
   512 | D:1      | Learned a level 2 spell: Sticks to Snakes
  1588 | D:1      | Reached XP level 3. HP: 12/21 MP: 1/6
  1854 | D:1      | Learned a level 3 spell: Spider Form
  1871 | D:2      | Reached skill level 2 in Stealth
  2072 | D:2      | Reached skill level 2 in Fighting
  3053 | D:2      | Reached XP level 4. HP: 26/26 MP: 7/7
  3067 | D:2      | Reached skill level 1 in Poison Magic
  3094 | D:3      | Reached skill level 3 in Stealth
  3503 | D:3      | Reached skill level 3 in Transmutations
  3505 | D:3      | Reached XP level 5. HP: 27/30 MP: 2/8
  3571 | D:3      | Reached skill level 2 in Poison Magic
  3826 | D:3      | Noticed an ice beast
  3912 | D:3      | Noticed Jessica
  3924 | D:3      | Killed Jessica
  4390 | D:3      | Reached skill level 3 in Poison Magic
  4683 | D:4      | Reached XP level 6. HP: 22/35 MP: 9/9
  4787 | D:4      | Reached skill level 4 in Transmutations
  5449 | D:4      | Found a basalt altar of Yredelemnul.
  5885 | D:4      | Noticed a black bear
  5891 | D:4      | Killed a black bear
  5891 | D:4      | Reached XP level 7. HP: 31/40 MP: 6/10
  6108 | D:5      | Entered Level 5 of the Dungeon
  6117 | D:5      | Reached skill level 3 in Fighting
  6265 | D:5      | Reached skill level 4 in Unarmed Combat
  6322 | D:5      | Reached skill level 4 in Fighting
  6322 | D:5      | Reached skill level 4 in Poison Magic
  6739 | D:5      | Found a sacrificial altar of Ru.
  6770 | D:5      | Noticed a shadow
  6771 | D:5      | Found a shadowy altar of Dithmenos.
  6773 | D:5      | Found a hazy altar of Hepliaklqana.
  7140 | D:6      | Reached skill level 4 in Stealth
  7145 | D:6      | Noticed a vampire
  7146 | D:6      | Reached XP level 8. HP: 38/47 MP: 7/11
  7229 | D:6      | Noticed a yak
  7229 | D:6      | Noticed a yak
  7229 | D:6      | Noticed a yak
  7229 | D:6      | Noticed a yak
  7229 | D:6      | Noticed a yak
  7229 | D:6      | Noticed a yak
  7268 | D:5      | Killed a yak
  7268 | D:5      | Reached skill level 5 in Transmutations
  7268 | D:5      | Reached skill level 4 in Dodging
  7894 | D:5      | Reached skill level 5 in Poison Magic
  7994 | D:5      | Reached skill level 3 in Spellcasting
  8238 | D:5      | Learned a level 4 spell: Ice Form
  8261 | D:5      | Killed a yak
  8261 | D:5      | Reached skill level 5 in Fighting
  8380 | D:5      | Killed a yak
  8380 | D:5      | Reached skill level 5 in Dodging
  8380 | D:5      | Reached XP level 9. HP: 48/54 MP: 11/13
  8437 | D:5      | Reached skill level 6 in Dodging
  8614 | D:5      | Reached skill level 6 in Fighting
  8785 | D:5      | Reached skill level 5 in Unarmed Combat
  8835 | D:6      | Reached skill level 12 in Fighting
  8835 | D:6      | Reached skill level 10 in Dodging
  8835 | D:6      | Reached XP level 10. HP: 71/71 MP: 14/14
  8906 | D:6      | Found a glowing silver altar of Zin.
  8990 | D:6      | You fall into a shaft and drop 2 floors!
  9316 | D:7      | Reached skill level 5 in Stealth
  9397 | D:7      | Noticed Menkaure
  9494 | D:7      | Found Bihauny's General Store.
  9497 | D:7      | Bought a potion of heal wounds for 55 gold pieces
  9497 | D:7      | Bought a wand of iceblast (12) for 176 gold pieces
 10115 | D:7      | Reached skill level 6 in Transmutations
 10453 | D:7      | Reached skill level 1 in Evocations
 10635 | D:7      | Found a shimmering blue altar of Sif Muna.
 10714 | D:7      | Reached skill level 1 in Ice Magic
 10936 | D:6      | Found a staircase to the Ecumenical Temple.
 10949 | Temple   | Entered the Ecumenical Temple
 10987 | Temple   | Became a worshipper of Warmaster Okawaru
 11150 | D:6      | Found an ancient bone altar of Kikubaaqudgha.
 11152 | D:6      | Found a shimmering altar of Xom.
 11159 | D:6      | Found an opulent altar of Gozag.
 11159 | D:6      | Found a snail-covered altar of Cheibriados.
 11337 | D:7      | Killed Menkaure
 11353 | D:8      | Found a sparkling altar of Nemelex Xobeh.
 11516 | D:7      | Bought a potion of curing for 33 gold pieces
 11659 | D:8      | Noticed Prince Ribbit
 11668 | D:8      | Reached skill level 2 in Evocations
 11692 | D:8      | Killed Prince Ribbit
 11692 | D:8      | Reached skill level 1 in Invocations
 11692 | D:8      | Reached XP level 11. HP: 65/76 MP: 15/15
 12339 | D:8      | Reached skill level 2 in Ice Magic
 12394 | D:8      | Found a hide-covered altar of Uskayaw.
 12508 | D:9      | Noticed a two-headed ogre
 12592 | D:9      | Reached * piety under Okawaru
 13143 | D:9      | Killed a two-headed ogre
 13143 | D:9      | Reached skill level 2 in Invocations
 13143 | D:9      | Reached skill level 3 in Evocations
 13300 | D:10     | Entered Level 10 of the Dungeon
 13550 | D:10     | Reached ** piety under Okawaru
 13550 | D:10     | Reached skill level 6 in Unarmed Combat
 13550 | D:10     | Reached skill level 3 in Ice Magic
 13695 | D:10     | Reached skill level 3 in Invocations
 14158 | D:10     | Reached skill level 4 in Evocations
 14213 | D:10     | Found a burning altar of Makhleb.
 14737 | D:10     | Found a staircase to the Lair.
 14847 | D:10     | Found Funocsi's Magic Scroll Shoppe.
 14905 | D:10     | Bought a scroll of fear for 45 gold pieces
 14905 | D:10     | Bought a scroll of fog for 26 gold pieces
 14905 | D:10     | Bought a scroll of identify for 26 gold pieces
 14905 | D:10     | Bought a scroll of identify for 26 gold pieces
 15085 | Lair:1   | Entered Level 1 of the Lair of Beasts
 15239 | Lair:1   | Reached skill level 4 in Ice Magic
 15306 | Lair:1   | Found a dark tunnel.
 15674 | D:7      | Bought a scroll of identify for 22 gold pieces
 15674 | D:7      | Bought 2 scrolls of identify for 44 gold pieces
 16032 | Lair:1   | Reached *** piety under Okawaru
 16160 | Lair:1   | Reached skill level 5 in Ice Magic
 16295 | Lair:1   | Noticed a five-headed hydra
 16463 | Lair:1   | Reached skill level 6 in Ice Magic
 16934 | Lair:2   | Reached XP level 12. HP: 61/81 MP: 16/16
 16934 | Lair:2   | Reached skill level 7 in Unarmed Combat
 17230 | Lair:2   | Noticed a four-headed hydra
 17246 | Lair:2   | Reached **** piety under Okawaru
 17251 | Lair:2   | Killed a four-headed hydra
 17251 | Lair:2   | Reached skill level 8 in Unarmed Combat
 17251 | Lair:2   | Reached skill level 5 in Evocations
 17271 | Lair:2   | Reached skill level 6 in Evocations
 17279 | Lair:2   | Found a gate leading to a gauntlet.
 17289 | Gauntlet | Entered a Gauntlet
 17289 | Gauntlet | Found a transporter.
 17289 | Gauntlet | Found a transporter.
 17403 | Gauntlet | Found a transporter.
 17403 | Gauntlet | Found a transporter.
 17407 | Gauntlet | Found a transporter.
 17407 | Gauntlet | Found a transporter.
 17434 | Gauntlet | Found a transporter.
 17437 | Gauntlet | Found a transporter.
 17448 | Gauntlet | Found a transporter.
 17449 | Gauntlet | Noticed a hell beast
 17461 | Gauntlet | Found a transporter.
 17463 | Gauntlet | Noticed a death yak
 17464 | Gauntlet | Noticed a death yak
 17469 | Gauntlet | Noticed a death yak
 17470 | Gauntlet | Noticed a death yak
 17473 | Gauntlet | Noticed a death yak
 17473 | Gauntlet | Noticed a death yak
 17475 | Gauntlet | Found a transporter.
 17479 | Gauntlet | Found a transporter.
 17707 | Gauntlet | Noticed a fire dragon
 17707 | Gauntlet | an elephant changed into a fire dragon
 17713 | Gauntlet | Noticed a satyr
 17713 | Gauntlet | a fire dragon changed into a satyr
 17749 | Gauntlet | Noticed an ettin
 17749 | Gauntlet | a satyr changed into an ettin
 17759 | Gauntlet | an ettin changed into a tyrant leech
 17787 | Gauntlet | Noticed an entropy weaver
 17787 | Gauntlet | a tyrant leech changed into an entropy weaver
 17794 | Gauntlet | Noticed a catoblepas
 17794 | Gauntlet | an entropy weaver changed into a catoblepas
 17795 | Gauntlet | Noticed an entropy weaver
 17795 | Gauntlet | a catoblepas changed into an entropy weaver
 17797 | Gauntlet | Noticed a spark wasp
 17797 | Gauntlet | an entropy weaver changed into a spark wasp
 17805 | Gauntlet | a spark wasp changed into a slime creature
 17868 | Gauntlet | Noticed a death drake
 17868 | Gauntlet | a snapping turtle changed into a death drake
 17880 | Gauntlet | a death drake changed into a faun
 17905 | Gauntlet | Noticed a death drake
 17905 | Gauntlet | a faun changed into a death drake
 17941 | Gauntlet | a death drake changed into a wind drake
 18037 | Gauntlet | Reached skill level 4 in Invocations
 18078 | Gauntlet | Identified the +4 dire flail of Checks and Balances {speed,
                  | rC+ rN+}
 18078 | Gauntlet | Identified the +10 plate armour "Koreatos" {+Blink rC+
                  | Str+3}
 18078 | Gauntlet | Noticed a minotaur
 18486 | Lair:2   | Found a transporter.
 18653 | Lair:2   | Reached ***** piety under Okawaru
 18653 | Lair:2   | Reached skill level 9 in Unarmed Combat
 18758 | Lair:2   | Found a transporter.
 18789 | Lair:2   | Found a runed translucent gate.
 18789 | Lair:2   | Found a runed translucent gate.
 18789 | Lair:2   | Found a runed translucent gate.
 18789 | Lair:2   | Noticed Suk Xiy's ghost (journeyman DrTm)
 19335 | Lair:3   | Noticed a six-headed hydra
 20122 | Lair:3   | Noticed an eight-headed hydra
 20134 | Lair:3   | Killed an eight-headed hydra
 20316 | Lair:3   | Received a gift from Okawaru
 20995 | Lair:3   | Killed a six-headed hydra
 20995 | Lair:3   | Reached skill level 10 in Unarmed Combat
 20995 | Lair:3   | Reached skill level 4 in Spellcasting
 20995 | Lair:3   | Reached XP level 13. HP: 86/86 MP: 17/19
 21248 | Lair:4   | Reached skill level 7 in Transmutations
 21248 | Lair:4   | Reached skill level 7 in Evocations
 21891 | Lair:5   | Found a staircase to the Slime Pits.
 21891 | Lair:5   | Found a viscous altar of Jiyva.
 22104 | Lair:5   | Received a gift from Okawaru
 22242 | Lair:5   | Reached skill level 8 in Evocations
 22635 | Lair:5   | Noticed Rupert
 22974 | Lair:6   | Entered Level 6 of the Lair of Beasts
 23011 | Lair:6   | Reached skill level 8 in Transmutations
 23169 | Lair:6   | Noticed a seven-headed hydra
 23189 | Lair:6   | Killed a seven-headed hydra
 23189 | Lair:6   | Reached skill level 9 in Evocations
 23570 | Lair:6   | Noticed an entropy weaver
 23643 | Lair:6   | Reached skill level 10 in Evocations
 23725 | Lair:6   | Noticed an entropy weaver
 23829 | Lair:6   | Killed an entropy weaver
 24457 | Lair:6   | Reached skill level 5 in Invocations
 24595 | Lair:6   | Killed an entropy weaver
 24713 | Lair:6   | Noticed a six-headed hydra
 24723 | Lair:6   | Killed a six-headed hydra
 24728 | Lair:6   | Noticed a seven-headed hydra
 24740 | Lair:6   | Reached XP level 14. HP: 63/92 MP: 11/21
 24975 | Lair:6   | Received a gift from Okawaru
 25007 | Lair:6   | Reached skill level 9 in Transmutations
 25010 | Lair:6   | Identified the +0 quick blade of Gravity {flame, MR++
                  | Dex+2} (Okawaru gifted it to you on level 6 of the Lair of
                  | Beasts)
 25331 | Lair:6   | Reached skill level 6 in Invocations
 26019 | Lair:6   | Noticed a dire elephant
 26019 | Lair:6   | Noticed a dire elephant
 26051 | Lair:6   | Killed a dire elephant
 26306 | Lair:6   | Noticed a dire elephant
 26358 | Lair:6   | Noticed a dire elephant
 26415 | Lair:6   | Killed a dire elephant
 26440 | Lair:6   | Noticed a dire elephant
 26478 | Lair:6   | Killed a dire elephant
 26607 | Lair:6   | Noticed a dire elephant
 26655 | Lair:6   | Killed a dire elephant
 26655 | Lair:6   | Reached skill level 11 in Unarmed Combat
 26875 | Lair:6   | Killed a dire elephant
 26875 | Lair:6   | Reached skill level 13 in Fighting
 27107 | Lair:6   | Killed a dire elephant
 27377 | Lair:6   | Reached skill level 7 in Invocations
 27679 | Lair:6   | Learned a level 5 spell: Borgnjor's Vile Clutch
 27774 | Lair:4   | Found a staircase to the Swamp.
 27989 | Lair:4   | Received a gift from Okawaru
 28336 | Lair:4   | Found a hole to the Spider Nest.
 28970 | D:11     | Found Pexinokh's Distillery.
 29253 | D:11     | Identified the amulet "Elaagh" {Faith Str+4 Int+3} (You
                  | found it on level 11 of the Dungeon)
 29850 | D:11     | Reached skill level 10 in Transmutations
 30028 | D:12     | Found a shimmering altar of Xom.
 30083 | D:12     | Noticed Urug
 30200 | D:12     | Killed Urug
 30414 | D:12     | Reached skill level 1 in Earth Magic
 30924 | D:12     | Found a staircase to the Orcish Mines.
 31435 | Orc:1    | Entered Level 1 of the Orcish Mines
 31572 | Orc:1    | Found a roughly hewn altar of Beogh.
 31861 | Orc:1    | Found Luiw Lei's General Store.
 31948 | Orc:1    | Reached skill level 2 in Earth Magic
 32379 | Orc:2    | Entered Level 2 of the Orcish Mines
 32396 | Orc:2    | Reached XP level 15. HP: 72/99 MP: 20/22
 32655 | Orc:2    | Found a staircase to the Elven Halls.
 33137 | Orc:2    | Reached skill level 3 in Earth Magic
 33381 | Orc:2    | Found a roughly hewn altar of Beogh.
 33990 | Orc:2    | Reached skill level 5 in Spellcasting
 34030 | Orc:2    | Reached skill level 12 in Unarmed Combat
 34353 | Orc:2    | Reached skill level 14 in Fighting
 34397 | Orc:1    | Reached skill level 4 in Earth Magic
 34525 | Orc:2    | Found Tiaproyp's Gadget Emporium.
 34525 | Orc:2    | Found Wigyrr's Jewellery Emporium.
 34526 | Orc:2    | Found Lailyes's Book Shop.
 34531 | Orc:2    | Found Ginegu's Armour Shop.
 34543 | Orc:2    | Bought a book of the Earth for 1040 gold pieces
 34545 | Orc:2    | Bought a wand of acid (5) for 270 gold pieces
 34545 | Orc:2    | Bought a wand of acid (6) for 300 gold pieces
 34545 | Orc:2    | Bought a wand of acid (6) for 300 gold pieces
 34545 | Orc:2    | Bought a wand of disintegration (9) for 195 gold pieces
 34787 | D:13     | Found a flagged portal.
 34809 | Bailey   | Entered a bailey
 35104 | Bailey   | Identified the +8 spear of Popular Demand {vorpal, +Fly
                  | MP+9}
 35137 | Bailey   | Reached skill level 5 in Earth Magic
 35859 | D:14     | Identified a scroll of acquirement
 35952 | D:14     | Reached skill level 6 in Earth Magic
 35958 | D:14     | Reached ****** piety under Okawaru
 36333 | D:14     | Noticed Nessos
 36347 | D:14     | Killed Nessos
 36347 | D:14     | Received a gift from Okawaru
 36347 | D:14     | Reached skill level 7 in Earth Magic
 36757 | D:15     | Entered Level 15 of the Dungeon
 36805 | D:15     | Reached skill level 8 in Earth Magic
 37276 | D:15     | Reached skill level 9 in Earth Magic
 37401 | D:15     | Learned a level 6 spell: Statue Form
 37676 | D:15     | Reached XP level 16. HP: 91/106 MP: 24/24
 38222 | D:13     | Found a radiant altar of Vehumet.
 38319 | D:13     | Reached skill level 10 in Earth Magic
 38354 | D:14     | Reached skill level 6 in Spellcasting
 39001 | D:13     | Reached skill level 7 in Spellcasting
 39013 | D:13     | Paralysed by a human for 2 turns
 39183 | D:13     | Received a gift from Okawaru
 39350 | D:13     | Found a gate to the Vaults.
 40079 | D:11     | Noticed a tengu reaver
 40080 | D:11     | Found the +8 trident of the Octopus King {venom, rElec
                  | rPois MR+}
 40094 | D:11     | Killed a tengu reaver
 40094 | D:11     | Reached skill level 8 in Spellcasting
 40133 | D:11     | HP: 3/106 [ettin/+0 dire flail (22)]
 40756 | Lair:2   | Killed Suk Xiy's ghost
 40926 | D:11     | Bought a potion of curing for 30 gold pieces
 40926 | D:11     | Bought a potion of berserk rage for 50 gold pieces
 40926 | D:11     | Bought a potion of ambrosia for 80 gold pieces
 40926 | D:11     | Bought a potion of curing for 30 gold pieces
 41061 | Swamp:1  | Entered Level 1 of the Swamp
 41125 | Swamp:1  | Reached skill level 11 in Transmutations
 41142 | Swamp:1  | Received a gift from Okawaru
 41582 | Swamp:1  | Learned a level 2 spell: Passwall
 42244 | Swamp:2  | Noticed a thorn hunter
 42253 | Swamp:2  | Killed a thorn hunter
 42265 | Swamp:2  | Reached skill level 12 in Transmutations
 42323 | Swamp:2  | Noticed Nikola
 42323 | Swamp:2  | You fall into a shaft and drop 1 floor!
 42386 | Swamp:2  | Killed Nikola
 42553 | Swamp:2  | Reached XP level 17. HP: 111/111 MP: 20/29
 42581 | Swamp:2  | Reached skill level 11 in Earth Magic
 42650 | Swamp:2  | Received a gift from Okawaru
 44065 | Swamp:3  | Reached skill level 12 in Earth Magic
 44794 | Spider:1 | Entered Level 1 of the Spider Nest
 44831 | Spider:1 | Received a gift from Okawaru
 44917 | Spider:1 | Reached skill level 13 in Unarmed Combat
 46255 | Spider:2 | Reached skill level 14 in Unarmed Combat
 46338 | Spider:2 | Reached skill level 1 in Shields
 46405 | Spider:2 | Reached skill level 2 in Shields
 46520 | Spider:2 | Reached skill level 3 in Shields
 46770 | Spider:2 | Reached skill level 4 in Shields
 46977 | Spider:2 | Received a gift from Okawaru
 47206 | Spider:3 | Reached XP level 18. HP: 86/116 MP: 0/30
 47210 | Spider:3 | Noticed Kirke
 47361 | Spider:1 | Killed Kirke
 47361 | Spider:1 | Reached skill level 5 in Shields
 47565 | Spider:3 | Identified the +9 hand crossbow "Oggat" {speed, Str+9} (You
                  | found it on level 3 of the Spider Nest)
 47819 | Spider:4 | Entered Level 4 of the Spider Nest
 48042 | Spider:4 | Received a gift from Okawaru
 48131 | Spider:4 | Reached skill level 9 in Spellcasting
 48141 | Spider:4 | Noticed Louise
 48153 | Spider:4 | Killed Louise
 48463 | Spider:4 | Reached skill level 15 in Fighting
 48479 | Spider:4 | Reached skill level 10 in Spellcasting
 48856 | Spider:4 | Reached skill level 15 in Unarmed Combat
 49000 | Spider:4 | Got a gossamer rune of Zot
 49323 | Swamp:4  | Entered Level 4 of the Swamp
 49340 | Swamp:4  | Received a gift from Okawaru
 49559 | Swamp:4  | Reached XP level 19. HP: 66/124 MP: 27/33
 50031 | Swamp:4  | Reached skill level 16 in Unarmed Combat
 50066 | Swamp:4  | Got a decaying rune of Zot
 50706 | Orc:2    | Bought an uncursed ring of protection from cold for 375
                  | gold pieces
 50769 | Elf:1    | Entered Level 1 of the Elven Halls
 50769 | Elf:1    | Noticed Azrael
 50775 | Elf:1    | Killed Azrael
 50903 | Elf:1    | Received a gift from Okawaru
 51236 | Elf:1    | Reached skill level 11 in Dodging
 51474 | Elf:1    | Noticed Frances
 51492 | Elf:1    | Killed Frances
 52141 | Elf:2    | Found Quhenag's Book Shop.
 52182 | Elf:2    | Bought a book of Minor Magic for 360 gold pieces
 52185 | Elf:2    | Learned a level 2 spell: Blink
 52205 | Elf:2    | Reached skill level 13 in Earth Magic
 52357 | Elf:2    | Found Fouk's Antique Armour Shoppe.
 52359 | Elf:2    | Found Wavieg's Weapon Shoppe.
 52516 | Elf:2    | Reached skill level 1 in Translocations
 52542 | Elf:2    | Found a runed translucent gate.
 52542 | Elf:2    | Found a runed translucent gate.
 52543 | Elf:2    | Found a runed translucent gate.
 52843 | Vaults:1 | Entered Level 1 of the Vaults
 52869 | Vaults:1 | Reached skill level 12 in Dodging
 52872 | Vaults:1 | Reached skill level 2 in Translocations
 53071 | Vaults:1 | Noticed a lich
 53079 | Vaults:1 | Killed a lich
 53122 | Vaults:1 | Reached skill level 3 in Translocations
 53130 | Vaults:1 | Received a gift from Okawaru
 53145 | Vaults:1 | Identified the +0 cloak of Okawaru's Supremacy {rF+ MR-
                  | Regen+} (Okawaru gifted it to you on level 1 of the Vaults)
 53202 | Vaults:1 | Reached XP level 20. HP: 129/129 MP: 29/34
 53516 | Vaults:1 | Reached skill level 13 in Dodging
 53811 | Vaults:1 | Reached skill level 14 in Earth Magic
 53950 | Vaults:1 | Learned a level 5 spell: Lee's Rapid Deconstruction
 55085 | Vaults:2 | Received a gift from Okawaru
 55157 | Vaults:2 | Noticed a bone dragon
 55172 | Vaults:2 | Killed a bone dragon
 55179 | Vaults:2 | Found a staircase to the Crypt.
 55350 | Vaults:2 | Reached skill level 16 in Fighting
 55377 | Vaults:2 | Noticed Bai Suzhen
 55405 | Vaults:2 | Killed Bai Suzhen
 55405 | Vaults:2 | Reached skill level 11 in Evocations
 55422 | Vaults:2 | Reached XP level 21. HP: 136/136 MP: 20/35
 55621 | Vaults:2 | Reached skill level 17 in Unarmed Combat
 56011 | Vaults:2 | Found Ivan's Weapon Shop.
 56098 | Vaults:2 | Received a gift from Okawaru
 56342 | Vaults:2 | Reached skill level 12 in Evocations
 57063 | Vaults:3 | Noticed Saint Roka
 57076 | Vaults:3 | Received a gift from Okawaru
 57077 | Vaults:3 | Found the +3 warlock's mirror {reflect}
 57496 | Vaults:3 | Killed Saint Roka
 57496 | Vaults:3 | Reached skill level 17 in Fighting
 57540 | Vaults:3 | Found Ruroicam's Weapon Shop.
 58073 | Vaults:3 | Reached skill level 13 in Evocations
 58215 | Vaults:3 | Noticed Margery
 58234 | Vaults:3 | Killed Margery
 58706 | Vaults:3 | Reached XP level 22. HP: 145/145 MP: 36/36
 59169 | Vaults:4 | Reached skill level 18 in Unarmed Combat
 59174 | Vaults:4 | Received a gift from Okawaru
 59307 | Vaults:4 | Reached skill level 14 in Evocations
 59514 | Vaults:4 | Reached skill level 18 in Fighting
 59779 | Vaults:4 | Found a large runed translucent door.
 59779 | Vaults:4 | Found a large runed translucent door.
 59779 | Vaults:4 | Noticed Kare Xaoge's ghost (adept DgTm)
 59779 | Vaults:4 | Noticed agentgt's ghost (veteran KoAK)
 59865 | Vaults:4 | Reached skill level 1 in Necromancy
 60184 | Vaults:4 | Reached skill level 2 in Necromancy
 60193 | Vaults:4 | Received a gift from Okawaru
 60357 | Vaults:4 | Killed agentgt's ghost
 60371 | Vaults:4 | Killed Kare Xaoge's ghost
 60382 | Vaults:4 | Received a gift from Okawaru
 60765 | Elf:3    | Entered Level 3 of the Elven Halls
 60816 | Elf:3    | Found Takk's Assorted Antiques.
 60831 | Elf:3    | Bought a potion of resistance for 290 gold pieces
 60890 | Elf:3    | Cast into level 3 of the Abyss (deep elf knight)
 61033 | Abyss:3  | Received a gift from Okawaru
 61076 | Abyss:3  | Paralysed by accursed screaming for 1 turns
 61081 | Abyss:3  | Reached skill level 3 in Necromancy
 61165 | Abyss:3  | Reached skill level 8 in Invocations
 61327 | Elf:3    | Escaped the Abyss
 61520 | Elf:3    | Found a shimmering blue altar of Sif Muna.
 61660 | Elf:3    | Noticed Roxanne
 61811 | Elf:3    | Reached skill level 4 in Necromancy
 62258 | Elf:3    | Reached XP level 23. HP: 153/153 MP: 31/37
 62438 | Elf:3    | Identified the ring "Zast" {EV+4 Str+3 Int+3}
 62480 | Elf:3    | Reached skill level 14 in Dodging
 62488 | Elf:3    | Reached skill level 9 in Invocations
 62625 | Elf:3    | Identified the cursed +2 flail "Jellybane" {holy, +Inv
                  | Int+3}
 62632 | Elf:3    | Identified the cursed +3 scimitar of Zin's Regard {freeze,
                  | *Rage rC+ MR+ Int+4}
 62632 | Elf:3    | Identified the cursed +0 plate armour of Cynicism {rC+
                  | Int+2 Dex+2}
 62642 | Elf:3    | Reached skill level 5 in Necromancy
 62726 | Elf:3    | Identified the +2 broad axe of Wacuam {vorpal, *Drain MP+9
                  | Int+3}
 63046 | Elf:3    | Learned a level 5 spell: Yara's Violent Unravelling
 63272 | D:15     | Found a staircase to the Depths.
 63428 | Orc:1    | Bought a potion of mutation for 80 gold pieces
 63428 | Orc:1    | Bought a scroll of magic mapping for 35 gold pieces
 63495 | Orc:2    | Bought a box of beasts for 300 gold pieces
 63495 | Orc:2    | Bought a box of beasts for 300 gold pieces
 63495 | Orc:2    | Bought a wand of polymorph (9) for 165 gold pieces
 63645 | Depths:1 | Entered Level 1 of the Depths
 63713 | Depths:1 | Noticed the Enchantress
 63744 | Depths:1 | Killed the Enchantress
 63769 | Depths:1 | Reached skill level 15 in Earth Magic
 63774 | Depths:1 | Received a gift from Okawaru
 63774 | Depths:1 | Reached skill level 6 in Necromancy
 63931 | Depths:1 | You are sucked into a shaft and drop 1 floor!
 63931 | Depths:2 | Found a gateway to a ziggurat.
 63936 | Depths:2 | You are sucked into a shaft and drop 2 floors!
 63992 | Depths:4 | Reached skill level 10 in Invocations
 64028 | Depths:4 | Reached skill level 19 in Fighting
 64271 | Depths:4 | Noticed a golden dragon
 64287 | Depths:4 | Killed a golden dragon
 64328 | Depths:4 | Reached skill level 7 in Necromancy
 64331 | Depths:4 | Reached skill level 15 in Dodging
 64485 | Depths:4 | Reached XP level 24. HP: 160/160 MP: 33/37
 64803 | Depths:3 | Found Nagaejid's Jewellery Boutique.
 64804 | Depths:3 | Found Qezullio's Gadget Emporium.
 64806 | Depths:3 | Found Leoket's Jewellery Boutique.
 64824 | Depths:3 | Received a gift from Okawaru
 64862 | Depths:3 | Bought a box of beasts for 320 gold pieces
 64862 | Depths:3 | Bought a wand of paralysis (6) for 128 gold pieces
 64862 | Depths:3 | Bought a wand of digging (5) for 288 gold pieces
 64862 | Depths:3 | Bought a wand of acid (8) for 384 gold pieces
 64862 | Depths:3 | Bought a wand of paralysis (6) for 128 gold pieces
 64862 | Depths:3 | Bought a wand of iceblast (8) for 192 gold pieces
 65056 | Depths:1 | Reached skill level 8 in Necromancy
 65498 | Depths:1 | Found a gateway to Hell.
 65592 | Depths:1 | You are sucked into a shaft and drop 1 floor!
 65599 | Depths:2 | Reached skill level 16 in Earth Magic
 65615 | Depths:2 | Reached skill level 16 in Dodging
 65896 | Depths:2 | Reached skill level 20 in Fighting
 65919 | Depths:2 | Received a gift from Okawaru
 66363 | Depths:2 | Found a one-way gate leading to the halls of Pandemonium.
 66437 | Depths:2 | Reached skill level 17 in Dodging
 66556 | Depths:2 | Found a shimmering altar of Xom.
 66688 | Depths:2 | Reached XP level 25. HP: 82/168 MP: 17/37
 66936 | Depths:2 | Identified Sif Muna's Almanac of Supportive Combat Magic
 66976 | Depths:2 | Learned a level 1 spell: Apportation
 66978 | Depths:2 | Learned a level 1 spell: Summon Butterflies
 67243 | Depths:2 | Received a gift from Okawaru
 67646 | Depths:1 | Reached skill level 18 in Dodging
 68244 | Depths:3 | Found a one-way gate to the infinite horrors of the Abyss.
 68739 | Depths:3 | Found Ijueg's Magic Scroll Emporium.
 68780 | Depths:3 | Bought a scroll of magic mapping for 66 gold pieces
 68780 | Depths:3 | Bought a scroll of teleportation for 57 gold pieces
 68780 | Depths:3 | Bought a scroll of teleportation for 57 gold pieces
 68780 | Depths:3 | Bought a scroll of magic mapping for 66 gold pieces
 69162 | Depths:3 | Reached skill level 9 in Necromancy
 69242 | Depths:3 | Received a gift from Okawaru
 69743 | Depths:3 | Identified the Guide on Nocuous Confrontation
 70451 | Depths:4 | Learned a level 6 spell: Death Channel
 70485 | Depths:4 | Reached skill level 10 in Necromancy
 70714 | Depths:4 | Reached skill level 19 in Dodging
 70714 | Depths:4 | Reached XP level 26. HP: 176/176 MP: 34/37
 71060 | Depths:4 | Got the Tome of the Wasteland
 71064 | Depths:4 | Learned a level 2 spell: Sublimation of Blood
 71272 | Depths:5 | Entered Level 5 of the Depths
 71852 | Depths:5 | Noticed Jory
 71870 | Depths:5 | Killed Jory
 72014 | Depths:5 | Received a gift from Okawaru
 72026 | Depths:5 | Reached skill level 19 in Unarmed Combat
 72034 | Depths:5 | Reached skill level 21 in Fighting
 72055 | Depths:5 | Reached skill level 11 in Necromancy
 72379 | Depths:5 | Noticed a juggernaut
 72394 | Depths:5 | Killed a juggernaut
 72394 | Depths:5 | Received a gift from Okawaru
 72751 | Depths:5 | Found a gate to the Realm of Zot.
 73336 | Vaults:4 | Learned a level 8 spell: Borgnjor's Revivification
 73405 | Vaults:5 | Entered Level 5 of the Vaults
 73428 | Vaults:5 | Reached skill level 20 in Dodging
 73434 | Vaults:5 | Reached XP level 27. HP: 183/183 MP: 21/37
 73436 | Vaults:5 | Noticed an ancient lich
 73447 | Vaults:5 | Killed an ancient lich
 73500 | Vaults:5 | Reached skill level 12 in Necromancy
 73610 | Vaults:5 | Identified the ring of Kitacik {+Fly rF++ rN+ Str+3 Dex-5}
                  | (You found it on level 5 of the Vaults)
 73663 | Vaults:5 | Got a silver rune of Zot
 73834 | Vaults:5 | Received a gift from Okawaru
 74026 | Vaults:5 | Identified the ring of Ru's Reproof {Fire +Fly rPois}
 74297 | Vaults:5 | Reached skill level 20 in Unarmed Combat
 74429 | Vaults:5 | Reached skill level 22 in Fighting
 74561 | Vaults:5 | Identified Sif Muna's Incunabulum of the Nocuous Arsonist
 74650 | Vaults:5 | Reached skill level 13 in Necromancy
 75060 | Vaults:5 | Reached skill level 21 in Dodging
 75060 | Vaults:5 | Received a gift from Okawaru
 75824 | Zot:1    | Entered Level 1 of the Realm of Zot
 76189 | Zot:5    | Entered Level 5 of the Realm of Zot
 76868 | Zot:5    | Noticed an ancient lich
 76875 | Zot:5    | Killed an ancient lich
 77146 | Zot:5    | Reached skill level 14 in Necromancy
 77167 | Zot:5    | Noticed an ancient lich
 77176 | Zot:5    | Killed an ancient lich
 77567 | Zot:4    | Received a gift from Okawaru
 78033 | Zot:4    | Received a gift from Okawaru
 78069 | Zot:4    | Reached skill level 22 in Dodging
 78267 | Zot:4    | Reached skill level 21 in Unarmed Combat
 78272 | Zot:4    | Reached skill level 23 in Fighting
 78857 | Zot:3    | Reached skill level 15 in Necromancy
 80343 | Zot:2    | You are sucked into a shaft and drop 2 floors!
 80387 | Zot:2    | Received a gift from Okawaru
 81027 | Zot:1    | Reached skill level 16 in Necromancy
 81591 | Zot:1    | Reached skill level 22 in Unarmed Combat
 81925 | Zot:1    | Received a gift from Okawaru
 82345 | Zot:5    | Noticed an orb of fire
 82347 | Zot:5    | Noticed an orb of fire
 82349 | Zot:5    | Noticed an orb of fire
 82356 | Zot:5    | Noticed an ancient lich
 82358 | Zot:5    | Killed an orb of fire
 82358 | Zot:5    | Reached skill level 17 in Necromancy
 82362 | Zot:5    | Noticed an ancient lich
 82367 | Zot:5    | Killed an orb of fire
 82369 | Zot:5    | Noticed an ancient lich
 82374 | Zot:5    | Killed an orb of fire
 82375 | Zot:5    | Killed an ancient lich
 82375 | Zot:5    | Reached skill level 18 in Necromancy
 82375 | Zot:5    | HP: 12/244 [ancient lich/crystal spear (94)]
 82376 | Zot:5    | Noticed an ancient lich
 82378 | Zot:5    | Noticed an ancient lich
 82563 | Zot:5    | Killed an ancient lich
 82575 | Zot:4    | Killed an ancient lich
 82788 | Zot:5    | Noticed a Killer Klown
 82794 | Zot:4    | Killed an ancient lich
 82929 | Zot:5    | Noticed an ancient lich
 82931 | Zot:5    | Received a gift from Okawaru
 82931 | Zot:5    | Killed an ancient lich
 82933 | Zot:5    | Noticed an ancient lich
 82938 | Zot:5    | Killed an ancient lich
 82940 | Zot:5    | Noticed a Killer Klown
 82943 | Zot:5    | Killed an ancient lich
 82950 | Zot:5    | Killed a Killer Klown
 83206 | Zot:5    | Noticed a Killer Klown
 83212 | Zot:5    | Killed a Killer Klown
 83212 | Zot:5    | Reached skill level 24 in Fighting
 83216 | Zot:5    | Killed a Killer Klown
 83318 | Zot:5    | Noticed an ancient lich
 83324 | Zot:5    | Noticed an ancient lich
 83329 | Zot:5    | Killed an ancient lich
 83329 | Zot:5    | Reached skill level 19 in Necromancy
 83338 | Zot:5    | Killed an ancient lich
 83552 | Zot:5    | Reached skill level 20 in Necromancy
 83580 | Zot:5    | Received a gift from Okawaru
 84696 | Zot:5    | Got the Orb of Zot
 84907 | Depths:5 | Noticed Qofoiss the pandemonium lord
 85376 | D:$      | Escaped with the Orb!

Illustrated notes

Levels and vault maps discovered:
D:1:      lemuel_arrival_broad_hall, layout_basic, minmay_misc_feat_ornament
D:2:      layout_loops_ring, kennysheep_generic_room_11
D:3:      layout_loops_ring, portal_sewer_entry_d, uniq_jessica
D:4:      layout_loops_ring, yredelemnul_altar_generic
D:5:      layout_rooms, riverfiend_overflow_shadow_ancestor, first_ration,
          nicolae_ru_sacrificial_ziggurat
D:6:      layout_rooms, grunt_temple_overflow_open, zin_statuary,
          minmay_temple_entry_waves, serial_bayou_lagoon_a
D:7:      layout_loops_corners, lemuel_blue_sif_altar, serial_shops,
          kennysheep_mini_moat, minmay_starry_boxes, uniq_menkaure
D:8:      layout_loops_corners, eat_drink_and_be_merry_uskayaw,
          nemelex_xobeh_ov_fountains_minmay, uniq_prince_ribbit1
D:9:      layout_rooms
D:10:     layout_loops_ring, lair_entry_dummy, special_room [special_room_orc],
          basic_altar, serial_shops, nicolae_shop_crystal
D:11:     minmay_shrinking_squares, layout_basic, serial_shops, shop
D:12:     layout_gridville, orc_0_dummy, basic_altar, grunt_pizzeria, uniq_urug
D:13:     layout_basic, ximxim_vaults_locker_room, enter_bailey_1, basic_altar,
          onia_ninara_dug_in_and_dangerous
D:14:     layout_basic, uniq_nessos
D:15:     hangedman_depths_entry_try_elsewhere_first, layout_loops_ring,
          hive_lemuel
Temple:   nicolae_temple_x_marks_the_god
Lair:1:   layout_cave_pods, nicolae_volcano_entry_lava_flow, st_stairs_12
Lair:2:   gammafunk_cloud_chamber, layout_small_grid,
          gammafunk_ghost_necromancy, gauntlet_entry_generic,
          serial_bayou_shore_b, grunt_megastairs_2
Lair:3:   layout_regular_city, infiniplex_staircase_pool_2, grunt_megastairs_5,
          lemuel_fruit_fields, serial_bayou_shore_b
Lair:4:   layout_big_grid, swamp_mist_pool, spider_nest_entry_web_field,
          minmay_lair_oklob_chamber
Lair:5:   layout_loops_ring, slime_altar_1, st_stairs_8, uniq_rupert
Lair:6:   due_jungle_book, layout_small_grid, minmay_another_anthill
Swamp:1:  layout_basic_swamp, evilmike_swamp_ruin_house_1, swamp_pool3
Swamp:2:  layout_falls_marsh, wheals_swamp_sinkhole, uniq_nikola
Swamp:3:  layout_falls_marsh, evilmike_swamp_ruin_house_3,
          infiniplex_staircase_pool
Swamp:4:  swamp, layout_basic_swamp, swamp_pool1, roderic_carrion_pond
Spider:1: layout_chambers, guppyfry_spider_mini_3
Spider:2: layout_spider_delve
Spider:3: layout_spider_delve, drop_trap, uniq_kirke
Spider:4: grunt_spider_rune_circles, uniq_louise
Orc:1:    layout_caves, basic_altar, serial_shops, shop
Orc:2:    st_orc_elflike, layout_diamond_mine, david_defended_altar_orc
Elf:1:    eino_elf_arrival_sip, layout_loops_cross,
          kennysheep_underground_church, uniq_azrael, uniq_frances
Elf:2:    layout_geoelf_octagon, serial_shops, shop, shop, shop
Elf:3:    minmay_elf_hall_dome, layout_geoelf_diagonals, basic_altar,
          serial_shops, shop, uniq_roxanne
Vaults:1: hangedman_vaults_restitches, dpeg_vaults_monster_row,
          dpeg_vaults_monster_box, hangedman_vaults_stagger,
          nicolae_vaults_asterisk, vaults_standard_mumra_enter_the_diamond,
          v_pattern_3, grunt_vaults_hallway_short, ontoclasm_vaults_fault,
          layout_vaults_omnicross
Vaults:2: v_misc_8, v_alt_pattern_6, vaults_mumra_minichess_inversion, v_misc_2,
          v_alt_pattern_3, v_misc_27, v_misc_10,
          nicolae_vaults_yaktaur_gun_rack, vaults_dpeg_encased_lava,
          vaults_dpeg_diagonal, layout_vaults_quadrants,
          minmay_crypt_entry_nasty_monster, serial_glass, serial_shops,
          nicolae_shop_behind_doors, uniq_bai_suzhen
Vaults:3: v_rooms_6, nicolae_vaults_mini_display_case, ontoclasm_vaults_pinch,
          nicolae_vaults_network_periphery, nicolae_vaults_circle_grid_a,
          grunt_vaults_twisty, vaults_mumra_chevron, v_pattern_1,
          hangedman_vaults_nails, v_misc_25, nicolae_vaults_asterisk,
          ontoclasm_vaults_loading_screen, layout_vaults_ring, serial_shops,
          shop, uniq_saint_roka, uniq_margery
Vaults:4: advil_vaults_ghost_guards, nicolae_vaults_triangles,
          nicolae_vaults_asterisk, v_misc_32, v_misc_18,
          vaults_room_fancy_cross, ontoclasm_vaults_decontamination,
          vaults_mumra_minichess, ontoclasm_vaults_chip, grunt_vaults_diagonal,
          vaults_room_pools, hangedman_vaults_capsules, layout_vaults_big_room
Vaults:5: serial_shops
Depths:1: layout_gridlike, serial_glass, glass_columns_b, glass_columns_c,
          glass_columns_a, glass_columns_a, glass_columns_a, glass_columns_c,
          hell_entry, serial_sigils_hangedman_leer, hex_medium,
          corexii_leaking_fountain, minmay_misc_feat_enclosed,
          minmay_stone_trees_small, grunt_ministairs_2, library_closet,
          uniq_enchantress
Depths:2: minmay_broken_ring, layout_cave_shapes, enter_ziggurat_e,
          rand_demon_pan_entry_5, minmay_misc_feat_encased,
          grunt_hell_entry_dis_mu, grunt_decor_mini_mirrors, xom_teletrap_fun
Depths:3: minmay_the_grid_triangle_9x9_rhombus_full
          [minmay_the_grid_triangle_9x9_stretched_checkered,
          minmay_the_grid_triangle_9x9_steps,
          minmay_the_grid_triangle_9x9_sprig,
          minmay_the_grid_triangle_9x9_semitri,
          minmay_the_grid_triangle_9x9_empty,
          minmay_the_grid_triangle_9x9_cache,
          minmay_the_grid_triangle_9x9_alien,
          minmay_the_grid_triangle_9x9_prize_schism], layout_basic,
          abyss_entry_crystal, serial_shops, nicolae_shop_trees,
          rand_demon_pan_entry_9, pf_vacation_house_of_asmodeus,
          minmay_shop_grove, minmay_staircase_statues
Depths:4: minmay_two_paths, layout_cross, minmay_crystal_room,
          marbit_kobold_abyss_entry, grunt_hell_entry_demonic_statue
Depths:5: grunt_runaround [grunt_runaround_doors_1, grunt_runaround_doors_2,
          grunt_runaround_doors_3, grunt_runaround_doors_4,
          grunt_runaround_zot], hell_entry, uniq_jory
Zot:1:    layout_concentric_octagons
Zot:2:    layout_twisted_circle, st_small_dragon_hoard_3
Zot:3:    gammafunk_mikee_crab_dinner, layout_misc_corridors
Zot:4:    layout_twisted_circle
Zot:5:    layout_gridlike

Skill      XL: |  1  2  3  4  5  6  7  8  9 10 11 12 13 14 15 16 17 18 19 20 21 22 23 24 25 26 27 |
---------------+----------------------------------------------------------------------------------+-----
Stealth        | 1 2 3 4 5 |  5.0
Fighting       | 2 4 5 12 13 14 15 16 17 18 19 20 21 24 | 24.0
Poison Magic   | 1 3 4 5 |  5.0
Transmutations | 3 4 5 6 8 10 12 | 12.0
Unarmed Combat | 4 5 6 10 11 12 14 15 16 17 18 19 22 | 22.0
Dodging        | 5 10 12 13 15 17 19 20 22 | 22.0
Spellcasting   | 3 4 5 8 10 | 10.0
Evocations     | 2 4 6 10 11 13 14 | 14.0
Ice Magic      | 1 6 |  6.0
Invocations    | 1 3 4 5 7 8 10 | 10.0
Earth Magic    | 2 9 10 12 13 14 15 16 | 16.0
Shields        | 4 5 |  5.6
Translocations | 3 |  3.0
Necromancy     | 4 7 8 10 11 20 | 20.6

Action                   |  1- 3 |  4- 6 |  7- 9 | 10-12 | 13-15 | 16-18 | 19-21 | 22-24 | 25-27 || total
-------------------------+-------+-------+-------+-------+-------+-------+-------+-------+-------++-------
Melee: Unarmed           |    77 |    14 |    91 |   637 |  1189 |  1027 |  1271 |  1231 |  1786 ||  7323
       Kick              |     8 |     9 |       |       |       |       |       |       |       ||    17
       Headbutt          |     3 |     4 |     1 |       |       |       |       |       |       ||     8
       Dagger            |    37 |   130 |       |       |       |       |       |       |       ||   167
       Punch             |     2 |       |       |       |    14 |    33 |       |       |       ||    49
       Scimitar          |       |       |    19 |     6 |    44 |       |       |       |       ||    69
       Quick blade       |       |       |       |       |   103 |     1 |       |       |       ||   104
 Fire: Hunting sling     |    44 |    54 |    19 |   220 |   338 |    58 |       |       |       ||   733
Throw: Stone             |     1 |       |       |       |       |       |       |       |       ||     1
       Dart              |     9 |    33 |    18 |    10 |    20 |    12 |     8 |     9 |     4 ||   123
       Boomerang         |       |       |       |       |    16 |       |       |       |       ||    16
       Throwing net      |       |       |       |       |       |       |       |       |     4 ||     4
 Cast: Beastly Appendage |    21 |     7 |     6 |     1 |       |       |       |       |       ||    35
       Sticks to Snakes  |     3 |     9 |       |     9 |     6 |    85 |     7 |       |    11 ||   130
       Spider Form       |       |     4 |    14 |    71 |    72 |    11 |       |       |       ||   172
       Ice Form          |       |       |       |    13 |    38 |    23 |       |       |       ||    74
       Statue Form       |       |       |       |       |       |    75 |    79 |    73 |   153 ||   380
       Borgnjor's Vile C |       |       |       |       |       |       |       |    44 |   123 ||   167
       Lee's Rapid Decon |       |       |       |       |       |       |       |       |    14 ||    14
       Blink             |       |       |       |       |       |       |       |       |     6 ||     6
       Passwall          |       |       |       |       |       |       |       |       |    10 ||    10
       Death Channel     |       |       |       |       |       |       |       |       |     8 ||     8
       Apportation       |       |       |       |       |       |       |       |       |     4 ||     4
Invok: Heroism           |       |       |       |     7 |    25 |    25 |    18 |    13 |    26 ||   114
       Finesse           |       |       |       |     1 |     9 |     3 |     8 |     6 |    13 ||    40
 Abil: End Transformatio |       |       |     1 |     2 |    22 |     5 |       |     8 |     5 ||    43
       Evoke Invisibilit |       |       |       |       |       |       |     3 |       |       ||     3
       Stop Flying       |       |       |       |       |       |       |       |       |     1 ||     1
       Evoke Flight      |       |       |       |       |       |       |       |       |     1 ||     1
Evoke: Wand              |       |       |       |    32 |    55 |    34 |    13 |     4 |    34 ||   172
       Phantom mirror    |       |       |       |       |     2 |       |       |       |       ||     2
       Box of beasts     |       |       |       |       |     1 |       |       |       |     2 ||     3
       Phial of floods   |       |       |       |       |       |     2 |     2 |       |       ||     4
       Lightning rod     |       |       |       |       |       |     8 |     9 |     2 |       ||    19
  Use: Scroll            |     7 |     2 |     4 |    23 |    16 |    11 |     6 |     7 |    30 ||   106
       Potion            |       |       |     2 |     2 |     1 |     5 |     8 |       |     2 ||    20
 Stab: Sleeping          |       |     3 |     1 |     4 |     9 |     5 |     5 |    10 |     3 ||    40
       Paralysed         |       |       |       |    10 |     8 |       |     7 |       |    18 ||    43
       Distracted        |       |       |       |     1 |     3 |     9 |     2 |     1 |     8 ||    24
       Invisible         |       |       |       |       |     1 |       |    11 |       |     1 ||    13
       Confused          |       |       |       |       |       |     2 |       |     3 |     5 ||    10
       Held in net/web   |       |       |       |       |       |       |       |       |     3 ||     3
  Eat: Chunk             |    16 |    10 |    11 |    56 |    62 |    74 |    65 |    61 |   111 ||   466
       Ration            |       |       |       |       |       |       |       |       |    16 ||    16
Armor: Robe              |    12 |    33 |     4 |     7 |     5 |       |       |       |       ||    61
       Skin              |       |     2 |     1 |    23 |    42 |   519 |   434 |   254 |   409 ||  1684
       Troll leather arm |       |       |       |       |    20 |    10 |     1 |     1 |     4 ||    36
Dodge: Dodged            |    75 |   131 |    96 |   582 |  1038 |  1593 |  1301 |  1256 |  1806 ||  7878
Block: Other             |       |       |       |     1 |   258 |   214 |       |       |       ||   473
       Reflection        |       |       |       |       |     8 |     9 |    94 |    91 |   179 ||   381
       Buckler           |       |       |       |       |       |   372 |   939 |  1086 |  1472 ||  3869
       Rpst.: Scimitar   |       |       |     4 |     1 |       |       |       |       |       ||     5
